 Dungeon Crawl Stone Soup version 0.27-a0-1331-g60ef6b6952 (webtiles) character file.

Game seed: 113930377869517220

19 BlueGoblin the Charlatan (level 2, -6/23 HPs)
             Began as a Gnoll Artificer on June 25, 2021.
             Mangled by an iron imp (9 damage)
             ... summoned by Natasha
             ... on level 2 of the Dungeon.
             The game lasted 00:02:49 (804 turns).

BlueGoblin the Charlatan (Gnoll Artificer)           Turns: 804, Time: 00:02:50

Health: -6/23      AC:  3    Str: 11    XL:     2   Next: 75%
Magic:  2/2        EV: 12    Int: 10    God:
Gold:   40         SH:  0    Dex: 12    Spells: 2/2 levels left

rFire    . . .     SeeInvis .   f - +0 spear
rCold    . . .     Faith    .   (no shield)
rNeg     . . .     Spirit   .   b - +0 leather armour
rPois    .         Reflect  .   (no helmet)
rElec    .         Harm     .   (no cloak)
rCorr    .         Rampage  .   (no gloves)
Will     .....                  (no boots)
Stlth    ++........             (no amulet)
HPRegen  0.07/turn              (no ring)
MPRegen  0.08/turn              (no ring)

@: slowed, very slow
A: fangs 1, strong nose, distributed training
a: no special abilities


You were on level 2 of the Dungeon.
You visited 1 branch of the dungeon, and saw 2 of its levels.

You collected 40 gold pieces.

Inventory:

Hand Weapons
 f - a +0 spear (weapon)
Armour
 b - a +0 leather armour (worn)
Wands
 c - a wand of flame (15) (quivered)
 d - a wand of charming (15)
Miscellaneous
 e - a piece from Xom's chessboard (13/15)


   Skills:
 + Level 2.5 Fighting
 + Level 0.5 Short Blades
 + Level 0.5 Long Blades
 + Level 0.5 Axes
 + Level 0.5 Maces & Flails
 + Level 0.5 Polearms
 + Level 0.5 Staves
 + Level 0.5 Slings
 + Level 0.5 Bows
 + Level 0.5 Crossbows
 + Level 0.5 Throwing
 + Level 4.5 Armour
 + Level 2.5 Dodging
 + Level 2.3 Stealth
 + Level 0.5 Shields
 + Level 0.5 Unarmed Combat
 + Level 0.5 Spellcasting
 + Level 0.3 Conjurations
 + Level 0.3 Hexes
 + Level 0.3 Summonings
 + Level 0.3 Necromancy
 + Level 0.3 Translocations
 + Level 0.3 Transmutations
 + Level 0.3 Fire Magic
 + Level 0.3 Ice Magic
 + Level 0.3 Air Magic
 + Level 0.3 Earth Magic
 + Level 0.3 Poison Magic
 + Level 0.6 Invocations
 + Level 6.5 Evocations


You had 2 spell levels left.
You didn't know any spells.
Your spell library was empty.

Dungeon Overview and Level Annotations

Branches:
Dungeon (1/15)

Altars:

Annotations:
D:2 Natasha


Innate Abilities, Weirdness & Mutations

You have very sharp teeth.
Your uncanny sense of smell can sniff out nearby items.
Your experience applies equally to all skills.


Message History

Found a scroll labelled YFREDU OFAXTYITS, 10 gold pieces and a silvery potion.
You see here a scroll labelled YFREDU OFAXTYITS.
a - a scroll labelled YFREDU OFAXTYITS A worm comes into view.
The worm moves out of view.
Found a mace.
A bat and a rat come into view.
Natasha stares at you and mumbles some strange words.
The magic dart hits you.
A goblin comes into view. It is wielding a +0 dagger.
You see here a +0 mace.
As you read the scroll labelled YFREDU OFAXTYITS, it crumbles to dust.
It is a scroll of identify.
You don't have any unidentified items.
Natasha misses you.
Natasha howls an incantation.
Natasha's front paws start to glow.
Natasha stares at you and mumbles some strange words.
You feel yourself slow down.
Natasha casts a spell.
Found a glowing jasper amulet.
Natasha howls an incantation.
Natasha's front paws start to glow.
Natasha mumbles some strange words.
The crimson imp spits at you. Natasha claws you!
The iron imp lashes its tail.
The crimson imp blinks!
Natasha stares at you and mumbles some strange words.
The magic dart hits you!
* * * LOW HITPOINT WARNING * * *
Natasha casts a spell.
The crimson imp closely misses you.
The crimson imp shouts, "Out, out, thou infectious rude-growing strumpet!"
The crimson imp closely misses you.
You see here an amulet of magic regeneration.
The iron imp misses you. The crimson imp hits you.
* * * LOW HITPOINT WARNING * * *
The iron imp hits you!
You die...

## .. #. #.#
#.########
#h55@....#
#5g#####.#
##..# ##...##
#.....#
##...######
##........
#.#######
######.###....


You could see an iron imp (summoned), Natasha, a crimson imp (summoned), a white
imp (summoned) and a goblin.

Vanquished Creatures
  An endoplasm (D:1)
  2 giant cockroaches (D:1)
  10 jackals (D:1)
  A bat (D:1)
  A frilled lizard (D:1)
  A rat (D:1)
16 creatures vanquished.

Notes
Turn   | Place    | Note
-------+----------+-------------------------------------------
     0 | D:1      | BlueGoblin the Gnoll Artificer began the quest for the Orb.
     0 | D:1      | Reached XP level 1. HP: 17/17 MP: 1/1
   424 | D:1      | Found a faded altar of an unknown god.
   449 | D:1      | Reached XP level 2. HP: 16/23 MP: 2/2
   772 | D:1      | You fall into a shaft and drop 1 floor!
   772 | D:2      | Noticed Natasha
   796 | D:2      | Noticed a crimson imp
   804 | D:2      | Mangled by an iron imp

Illustrated notes

Levels and vault maps discovered:
D:1:      minmay_arrival_up_and_down, layout_basic, basic_ecumenical_altar,
          minmay_bisected
D:2:      layout_loops_ring, serial_rivers, chequers_serial_rivers_micro_b,
          chequers_serial_rivers_micro_d, chequers_serial_rivers_room_a,
          chequers_serial_rivers_room_b, uniq_natasha

Action                   || total
-------------------------++-------
Melee: Club              ||    26
       Spear             ||    51
       Bite              ||     7
Evoke: Piece from Xom's  ||     3
  Use: Scroll            ||     3
 Stab: Confused          ||     1
Armor: Leather armour    ||    24
Dodge: Dodged            ||    61

Table legend: (Time is in decaauts)
 A = Elapsed time spent in this place.
 B = Non-inter-level travel time spent in this place.
 C = Inter-level travel time spent in this place.
 D = Time resting spent in this place.
 E = Time spent auto-exploring this place.
 F = Levels seen in this place.
 G = Mean time per level.
                   A        B        C        D        E       F      G
               +--------+--------+--------+--------+--------+-----+--------+
         Total |    820 |    820 |      0 |    458 |     98 |   2 |  410.0 |
       Dungeon |    820 |    820 |      0 |    458 |     98 |   2 |  410.0 |
               +--------+--------+--------+--------+--------+-----+--------+

Top non-repeatable levels by time:
     D:1: 784 daAuts
     D:2: 36 daAuts
